 Dungeon Crawl Stone Soup version 0.28-a0-1510-gd0f6b136d3 (webtiles) character file.

Game seed: 15485943424117168940

507 vineage the Fighter (level 6, -7/81 (96) HPs)
             Began as a Minotaur Fighter on Jan 14, 2022.
             Mangled by a wight (11 damage)
             ... on level 7 of the Dungeon.
             The game lasted 00:03:07 (3710 turns).

vineage the Fighter (Minotaur Fighter)              Turns: 3710, Time: 00:03:07

HP:   -7/81 (96)    AC:  6    Str: 23    XL:     6   Next: 97%
MP:   5/5           EV:  9    Int:  5    God:
Gold: 269           SH:  4    Dex:  9    Spells: 5/5 levels left

rFire   . . .      SeeInvis .   g - +4 morningstar
rCold   . . .      Faith    .   c - +0 buckler
rNeg    . . .      Spirit   .   b - +0 scale mail
rPois   .          Reflect  .   (helmet restricted)
rElec   .          Harm     .   (no cloak)
rCorr   .          Rampage  .   (no gloves)
Will    .....                   (no boots)
Stlth   ..........              (no amulet)
HPRegen 0.23/turn               (no ring)
MPRegen 0.09/turn               (no ring)

@: berserking (expiring), heavily drained, very quick
A: horns 2, retaliatory headbutt
a: no special abilities


You were on level 7 of the Dungeon.
You visited 1 branch of the dungeon, and saw 5 of its levels.
You also visited: Ossuary.

You collected 269 gold pieces.

Inventory:

Hand Weapons
 a - a +0 war axe
 g - a +4 morningstar (weapon)
Armour
 b - a +0 scale mail (worn)
 c - a +0 buckler (worn)
Jewellery
 e - a ring of ice
 j - an amulet of regeneration
Wands
 f - a wand of mindburst (5)
Scrolls
 h - a scroll of noise
 i - a scroll of blinking
Potions
 d - 2 potions of berserk rage
 l - a potion of mutation {unknown}
 n - a potion of lignification {unknown}
 o - a potion of haste {unknown}
 p - 3 potions of attraction {unknown}


   Skills:
 + Level 9.6 Fighting
 - Level 2.4 Axes
 - Level 3.6 Armour
 - Level 3.6 Shields


You had 5 spell levels left.
You didn't know any spells.
Your spell library contained the following spells:

 Spells                   Type           Power      Damage    Failure   Level
 Beastly Appendage        Tmut           0%         N/A       86%         1
 Blink                    Tloc           0%         N/A       95%         2
 Wereblood                Tmut           0%         N/A       95%         2
 Lesser Beckoning         Tloc           0%         N/A       99%         3
 Spider Form              Tmut/Pois      0%         N/A       99%         3
 Tukima's Dance           Hex            0%         N/A       99%         3
 Passage of Golubria      Tloc           0%         N/A       100%        4
 Manifold Assault         Tloc           0%         N/A       100%        5
 Yara's Violent Unravell  Hex/Tmut       0%         3d3       100%        5


Dungeon Overview and Level Annotations

Branches:
Dungeon (4/15)            Ossuary (visited)
 Temple: D:4-7

Altars:
Wu Jian

Shops:
D:3 ?:[:   D:4 (


Innate Abilities, Weirdness & Mutations

You have a pair of horns on your head.
You reflexively headbutt those who attack you in melee.


Message History

The wight hits you from afar with a +0 spear.
You feel drained.
A wight comes into view. It is wielding a +0 battleaxe.
Found 9 gold pieces.
The wight hits you with a +0 spear.
* * * LOW HITPOINT WARNING * * *
You feel drained.
* * * LOW HITPOINT WARNING * * *
Things that are here:
a +0 hand axe; a +0 robe You feel better.
You block the wight's attack.
A red film seems to cover your vision as you go berserk!
You feel yourself moving faster!
You feel mighty! You block the wight's attack.
You puncture the wight! Your headbutt misses the wight.
The wight is severely damaged.
You closely miss the wight. The wight misses you.
You closely miss the wight. Your headbutt misses the wight.
The wight hits you but does no damage.
The wight hits you from afar with a +0 spear.
You barely miss the wight.
The wight hits you from afar with a +0 spear.
* * * LOW HITPOINT WARNING * * *
You feel drained. The wight closely misses you. You furiously retaliate!
You headbutt the wight. The wight closely misses you. You furiously retaliate!
You headbutt the wight, but do no damage.
You puncture the wight!
You destroy the wight!
The wight hits you with a +0 battleaxe!
* * * LOW HITPOINT WARNING * * *
The wight hits you with a +0 battleaxe!
* * * LOW HITPOINT WARNING * * *
Things that are here:
a +0 hand axe; a +0 robe You completely miss the wight.
The wight is moderately damaged.
The wight hits you but does no damage.
You hit the wight.
The wight is heavily damaged.
The wight hits you with a +0 battleaxe!
You die...

###. .........$.# #...
...........##### #..#
...........#.#.. ##..
...........#..# ######...
...........#.####^.......
.........................
........z................
#..).@................
........#.........#......
.......##.)...[...##.....
......##....###.....#....
...........## ##.#..#..#.
...!.#.....# #.#..#..#.
...####....# #...... ...
....... .......# .......
.......#


You could see a wight.

Vanquished Creatures
  An elf zombie (Ossuary)
  3 wights (D:7)
  2 hounds (D:4)
  A bullfrog skeleton (D:4)
  An iguana (D:4)
  2 hound zombies (Ossuary)
  4 mummies (Ossuary)
  5 adders
  An adder skeleton (D:4)
  2 adder zombies (Ossuary)
  3 worms
  A dart slug (D:4)
  8 orcs
  7 ball pythons
  2 endoplasms (D:1)
  2 giant cockroaches
  6 goblins
  A quokka (D:3)
  4 bats
  6 frilled lizards
  4 goblin zombies (Ossuary)
  2 kobolds
  2 kobold zombies (Ossuary)
  3 rats
  A rat zombie (Ossuary)
74 creatures vanquished.

Notes
Turn   | Place    | Note
-------+----------+-------------------------------------------
     0 | D:1      | vineage the Minotaur Fighter began the quest for the Orb.
     0 | D:1      | Reached XP level 1. HP: 19/19 MP: 0/0
    84 | D:1      | Reached skill level 4 in Fighting
   169 | D:1      | Reached XP level 2. HP: 27/28 MP: 1/1
   333 | D:1      | Found a faded altar of an unknown god.
   673 | D:2      | Reached skill level 5 in Fighting
  1089 | D:2      | Reached XP level 3. HP: 35/36 MP: 2/2
  1940 | D:3      | Reached skill level 6 in Fighting
  1940 | D:3      | Reached XP level 4. HP: 37/44 MP: 3/3
  2269 | D:3      | Found Igynank's Magic Scroll Boutique.
  2294 | D:3      | Found Sicsapom's Book Shoppe.
  2571 | D:3      | Found Kuciuxt's Armour Emporium.
  2594 | D:3      | Found Irruaff's Book Boutique.
  2762 | D:4      | Found Oddifros's Weapon Shop.
  2771 | D:4      | Found a sand-covered staircase.
  2788 | Ossuary  | Entered an ossuary
  2794 | Ossuary  | Reached skill level 7 in Fighting
  2794 | Ossuary  | Reached XP level 5. HP: 46/52 MP: 4/4
  2883 | Ossuary  | Reached skill level 8 in Fighting
  2960 | Ossuary  | Reached XP level 6. HP: 24/61 MP: 5/5
  3424 | D:4      | You fall into a shaft and drop 3 floors!
  3433 | D:7      | Found an ornate altar of the Wu Jian Council.
  3507 | D:7      | Reached skill level 9 in Fighting
  3708 | D:7      | HP: 4/81 [wight (9)]
  3710 | D:7      | Mangled by a wight

Illustrated notes

Levels and vault maps discovered:
D:1:      onia_arrival_pentagram, layout_loops_ring, basic_ecumenical_altar
D:2:      layout_loops_corners
D:3:      layout_loops_corners, serial_shops, shop, nicolae_lakefront_shop,
          nicolae_shop_stone, nicolae_shop_waterfront,
          hangedman_abyss_or_decor_stabs
D:4:      layout_basic, serial_shops, nicolae_shop_trees, enter_ossuary_1
D:7:      minmay_angry_zag, layout_cave_pools, nicolae_qazlal_general_emergency,
          lemuel_crystal_altar, amcnicky_altar_gilded, vehumet_statue,
          minmay_temple_entry_nine_rooms, serial_park_tiny_pond,
          minmay_misc_feat_pillars, dk_vineyard_1

Skill      XL: |  1  2  3  4  5  6 |
---------------+-------------------+-----
Fighting       | 4 5 6 7 8 9 |  9.6
Axes           | |  2.4
Armour         | |  3.6
Shields        | |  3.6

Action                   |  1- 3 |  4- 6 || total
-------------------------+-------+-------++-------
Melee: War axe           |    74 |    90 ||   164
       Headbutt          |    11 |     9 ||    20
       Morningstar       |       |    14 ||    14
  Use: Scroll            |       |     8 ||     8
       Potion            |       |     3 ||     3
Armor: Scale mail        |    36 |    51 ||    87
Dodge: Dodged            |    33 |    53 ||    86
Block: Buckler           |    15 |    25 ||    40

Table legend: (Time is in decaauts)
 A = Elapsed time spent in this place.
 B = Non-inter-level travel time spent in this place.
 C = Inter-level travel time spent in this place.
 D = Time resting spent in this place.
 E = Time spent auto-exploring this place.
 F = Levels seen in this place.
 G = Mean time per level.
                   A        B        C        D        E       F      G
               +--------+--------+--------+--------+--------+-----+--------+
         Total |   3780 |   3697 |     83 |    178 |   3028 |   6 |  630.0 |
       Dungeon |   3357 |   3274 |     83 |    178 |   2678 |   5 |  671.4 |
       Ossuary |    422 |    422 |      0 |      0 |    350 |   1 |  422.0 |
               +--------+--------+--------+--------+--------+-----+--------+

Top non-repeatable levels by time:
     D:3: 1103 daAuts
     D:2: 1024 daAuts
     D:1: 631 daAuts
 Ossuary: 422 daAuts
     D:4: 306 daAuts
     D:7: 290 daAuts
